 Dungeon Crawl Stone Soup version 0.27.1-34-g3ba077fa99 (webtiles) character file.

Game seed: 13749055231381736739

63 pkoi the Skirmisher (level 3, -7/33 HPs)
             Began as a Draconian Monk on Jan 11, 2022.
             Killed by divine providence
             ... invoked by an orc priest
              (12 damage)
             ... on level 3 of the Dungeon.
             The game lasted 00:01:48 (1834 turns).

pkoi the Skirmisher (Draconian Monk)                Turns: 1834, Time: 00:01:49

Health: -7/33      AC:  5    Str: 13    XL:     3   Next: 89%
Magic:  3/3        EV: 12    Int: 11    God:
Gold:   67         SH:  0    Dex: 13    Spells: 2/2 levels left

rFire    . . .     SeeInvis .     - Unarmed
rCold    . . .     Faith    .   (no shield)
rNeg     . . .     Spirit   .   (armour unavailable)
rPois    .         Reflect  .   (helmet restricted)
rElec    .         Harm     .   (no cloak)
rCorr    .         Rampage  .   (no gloves)
Will     .....                  (no boots)
Stlth    ++........             (no amulet)
HPRegen  0.11/turn              (no ring)
MPRegen  0.08/turn              (no ring)

@: mighty
A: AC +5, unfitting armour, cold-blooded
a: no special abilities


You were on level 3 of the Dungeon.
You visited 1 branch of the dungeon, and saw 3 of its levels.

You collected 67 gold pieces.

Inventory:

Hand Weapons
 i - a +0 dagger
 j - a +2 dagger of flaming
Wands
 l - a wand of acid (7)
Scrolls
 b - 2 scrolls of magic mapping {unknown}
 c - a scroll of immolation {unknown}
 e - a scroll of enchant armour {unknown}
 k - 2 scrolls of enchant weapon {unknown}
 m - a scroll of fear {unknown}
 n - a scroll of summoning {unknown}
Potions
 d - a potion of cancellation
 f - a potion of invisibility {unknown}
 g - 2 potions of heal wounds {unknown}
 h - a potion of lignification {unknown}


   Skills:
 * Level 4.1 Fighting
 - Level 3.0 Dodging
 * Level 2.8 Stealth
 + Level 3.3 Unarmed Combat


You had 2 spell levels left.
You didn't know any spells.
Your spell library contained the following spells:

 Spells                   Type           Power      Damage    Failure   Level
 Inner Flame              Hex/Fire       0%         N/A       71%         3
 Animate Dead             Necr           0%         N/A       98%         4
 Cause Fear               Hex            0%         N/A       98%         4
 Borgnjor's Vile Clutch   Necr/Erth      0%         N/A       100%        5
 Death Channel            Necr           0%         N/A       100%        6
 Discord                  Hex            0%         N/A       100%        8


Dungeon Overview and Level Annotations

Branches:
Dungeon (3/15)

Altars:

Annotations:
D:2 Sigmund


Innate Abilities, Weirdness & Mutations

Your plain brown scales are hard. (AC +5)
You cannot fit into any form of body armour.
You are cold-blooded and may be slowed by cold attacks.


Message History

An orc wizard comes into view. It is wielding a +0 dagger.
The orc priest mumbles some strange prayers to Beogh against you.
Pain shoots through your body!
The orc priest mumbles some strange prayers to Beogh against you.
Pain shoots through your body!
An orc comes into view.
It is wielding a +2 falchion of electrocution.
You are too injured to fight recklessly!
You are too injured to fight recklessly!
You are too injured to fight recklessly!
You are too injured to fight recklessly!
You are too injured to fight recklessly!
You are too injured to fight recklessly!
You are too injured to fight recklessly!
You are too injured to fight recklessly!
You are too injured to fight recklessly!
You are too injured to fight recklessly!
You are too injured to fight recklessly!
You are too injured to fight recklessly!
You are too injured to fight recklessly!
You are too injured to fight recklessly!
You are too injured to fight recklessly!
You hit the orc priest. You tail-slap the orc priest.
The orc priest is lightly wounded.
The orc priest hits you with a +0 flail.
* * * LOW HITPOINT WARNING * * *
You barely miss the orc priest.
The orc priest is lightly wounded.
The orc priest misses you.
It was a potion of might.
You feel very mighty all of a sudden.
You closely miss the orc.
The orc priest mumbles some strange prayers to Beogh against you.
Beogh smites you!
* * * LOW HITPOINT WARNING * * *
The orc wizard shouts!
You hear a shout!
You hit the orc.
The orc is heavily wounded.
The orc priest calls down the wrath of Beogh upon you.
Beogh smites you!
You die...

# ##### #.#
#.##...###.#
#......)..<#######.
####...###.........
##.## #########.
#.# #.# #.# #@# #o#
#o# #o. ###


You could see an orc priest, an orc wizard and an orc.

Vanquished Creatures
  2 adders (D:2)
  2 worms (D:2)
  A dart slug (D:2)
  2 ball pythons (D:1)
  7 endoplasms
  4 giant cockroaches
  5 goblins
  3 kobolds (D:1)
  2 quokkas (D:1)
  3 bats (D:1)
  2 frilled lizards
33 creatures vanquished.

Notes
Turn   | Place    | Note
-------+----------+-------------------------------------------
     0 | D:1      | pkoi the Draconian Monk began the quest for the Orb.
     0 | D:1      | Reached XP level 1. HP: 19/19 MP: 1/1
     7 | D:1      | Noticed a snapping turtle
     7 | D:1      | Noticed a lindwurm
     8 | D:1      | Noticed a salamander
     8 | D:1      | Noticed a hog
   276 | D:1      | Reached XP level 2. HP: 26/26 MP: 2/2
   914 | D:2      | Reached XP level 3. HP: 31/33 MP: 3/3
  1342 | D:2      | Noticed Sigmund
  1504 | D:2      | Reached skill level 4 in Fighting
  1834 | D:3      | Killed from afar by an orc priest

Illustrated notes

Levels and vault maps discovered:
D:1:      onia_arrival_zoo_common, layout_basic
D:2:      layout_rooms, uniq_sigmund
D:3:      layout_loops_ring, lemuel_crystal_altar, overflow_temple_1_default,
          hangedman_decor_clover_reticule, uniq_grinder

Skill      XL: |  1  2  3 |
---------------+----------+-----
Stealth        | 2 |  2.8
Dodging        | 3 |  3.0
Fighting       | 4 |  4.1
Unarmed Combat | |  3.3

Action                   || total
-------------------------++-------
Melee: Unarmed           ||   133
       Tailslap          ||    18
       Punch             ||     2
  Use: Potion            ||     3
 Stab: Sleeping          ||     6
Armor: Skin              ||    25
Dodge: Dodged            ||    69
